Map: Port Aleksander LE

Players

Infsen

  • Race: Terran Terran
  • League: Diamond
  • Spawn Location: 5:00

MaryJane - Winner!

  • Race: Terran Terran
  • League: Diamond
  • Spawn Location: 11:00

VOD

Have the link to the VOD?

Description

Time

  • Played on: Dec. 23, 2018, 10:06 p.m.
  • Length: 7:02
Show
View Real Time Build Order
Export as new Build Order

Infsen Terran 

Build Orders: Gas First Reaper Expand 

Get SALT Encoding   

  12  0:00  SCV  
  13  0:13  SCV  
  14  0:18  Supply Depot  
  14  0:25  SCV  
  15  0:33  Refinery  
  15  0:40  SCV  
  16  0:46  Barracks  
  16  0:52  SCV  
  18  1:04  SCV  
  18  1:17  SCV  
  19  1:33  Orbital Command  
  19  1:34  Reaper  
  20  1:48  Command Center  
  20  1:59  SCV  
  21  2:03  Barracks  
  21  2:12  SCV, Barracks Reactor  
  22  2:19  Factory  
  22  2:24  SCV  
  22  2:27  Refinery  
  23  2:45  Supply Depot  
  23  2:51  Barracks Tech Lab  
  23  2:59  Marine x2, SCV  
  23  3:03  Factory Tech Lab  
  26  3:07  Supply Depot  
  26  3:11  SCV  
  26  3:12  Starport  
  27  3:19  Orbital Command  
  27  3:26  Stimpack  
  27  3:34  SCV  
  27  3:37  Marine x3  
  31  3:47  Supply Depot  
  33  3:48  SCV x2  
  33  3:54  Starport Reactor  
  33  4:00  Refinery  
  33  4:01  Marine x3  
  36  4:08  Widow Mine  
  38  4:12  SCV x2  
  40  4:17  Supply Depot  
  40  4:26  SCV x2  
  40  4:27  Marine x3  
  45  4:32  Siege Tank  
  48  4:43  Viking  
  50  4:45  SCV  
  50  4:46  SCV  
  50  4:47  Marine x2  
  50  4:51  Marine  
  55  5:01  Supply Depot  
  55  5:04  Liberator  
  55  5:07  Siege Tank  
  55  5:08  Supply Depot  
  55  5:09  Marine x2  
  55  5:10  Marine  
  61  5:22  Viking  
  61  5:26  Supply Depot  
  61  5:27  Combat Shield  
  66  5:32  Engineering Bay  
  66  5:40  Marine x3  
  69  5:48  Siege Tank  
  71  5:59  Viking  
  71  6:00  SCV x2  
  71  6:04  Missile Turret x2  
  75  6:13  Marine x2  
  75  6:14  Marine  
  75  6:15  Viking  
  75  6:16  SCV x2  
  82  6:19  Supply Depot  
  82  6:30  SCV x2  
  83  6:42  SCV x2, Supply Depot  
Show
View Real Time Build Order
Export as new Build Order

MaryJane Terran - Winner!

Build Orders: Gas First Reaper Expand 

Get SALT Encoding   

  12  0:00  SCV  
  13  0:13  SCV  
  14  0:18  Supply Depot  
  14  0:25  SCV  
  15  0:29  Refinery  
  15  0:39  SCV  
  16  0:45  Barracks  
  16  0:51  SCV  
  17  1:03  SCV  
  18  1:16  SCV  
  19  1:33  Orbital Command, Reaper  
  20  1:46  Command Center  
  20  1:57  Factory  
  20  2:00  SCV  
  21  2:08  Refinery  
  21  2:09  Reaper  
  21  2:13  SCV  
  23  2:20  Supply Depot  
  23  2:41  SCV  
  23  2:42  Barracks Tech Lab, Hellion  
  26  2:48  Refinery  
  26  2:53  SCV  
  26  2:58  Starport  
  27  2:59  Orbital Command  
  27  3:05  SCV  
  27  3:12  Barracks Tech Lab  
  28  3:13  Cyclone  
  28  3:19  SCV  
  32  3:25  SCV  
  33  3:31  SCV  
  34  3:40  SCV  
  35  3:42  Raven  
  35  3:43  SCV  
  38  3:53  Marine  
  38  3:55  Siege Tank, SCV  
  42  3:56  SCV, Supply Depot  
  44  4:08  SCV x2  
  46  4:11  Barracks  
  46  4:13  Supply Depot  
  46  4:21  SCV x2  
  48  4:25  Barracks  
  48  4:29  Siege Tank  
  51  4:31  Starport Reactor  
  51  4:33  SCV x2  
  51  4:34  Marine  
  51  4:38  Stimpack  
  54  4:40  Supply Depot  
  54  4:45  SCV x2  
  55  4:52  Marine  
  57  4:57  SCV x2  
  57  4:59  Barracks Reactor  
  59  5:03  Siege Tank  
  59  5:04  Barracks  
  62  5:10  Supply Depot  
  62  5:11  SCV x2  
  64  5:15  Marine  
  64  5:16  Barracks  
  64  5:21  Marine x2  
  67  5:23  SCV  
  67  5:24  SCV  
  67  5:26  Supply Depot  
  67  5:27  Starport Reactor  
  69  5:30  Refinery  
  69  5:37  Marine x3  
  69  5:38  Siege Tank, Marine  
  69  5:39  Marine  
  69  5:40  SCV  
  78  5:45  Supply Depot  
  78  5:48  SCV  
  79  5:53  Barracks Reactor  
  79  5:56  Supply Depot  
  79  5:58  Engineering Bay  
  79  5:59  Marine x2  
  79  6:00  Marine x3  
  84  6:09  Barracks Reactor  
  84  6:10  Siege Tank, Medivac  
  89  6:11  Medivac  
  91  6:19  Supply Depot  
  91  6:21  Ghost Academy, Marine x2  
  91  6:22  Marine  
  94  6:26  Marine  
  94  6:28  Marine  
  96  6:41  Supply Depot  
Tags
 
Add a new tag
Caveats
  • Supply blocks, unpowered buildings, or Contaminate may cause inaccurate times.
  • Supply counts are checked every 10 seconds.